 Dungeon Crawl Stone Soup version 0.27.1-16-g815e20cd7a (webtiles) character file.

Game seed: 15052427073015509280

21 TheCrusader the Ducker (level 2, 0/14 HPs)
             Began as a Felid Berserker on Nov 24, 2021.
             Was a Follower of Trog.
             Frozen to death by an endoplasm (3 damage)
             ... on level 1 of the Dungeon.
             The game lasted 00:02:07 (692 turns).

TheCrusader the Ducker (Felid Berserker)             Turns: 692, Time: 00:02:08

Health: 0/14       AC:  1    Str: 13    XL:     2   Next: 62%
Magic:  3/3        EV: 18    Int:  8    God:    Trog [*.....]
Gold:   17         SH:  0    Dex: 15    Spells: 1/1 levels left
                                        Lives:  0   Deaths: 0

rFire    . . .     SeeInvis +     - Unarmed
rCold    . . .     Faith    .   (shield unavailable)
rNeg     . . .     Spirit   .   (armour unavailable)
rPois    .         Reflect  .   (helmet unavailable)
rElec    .         Harm     .   (cloak unavailable)
rCorr    .         Rampage  .   (gloves unavailable)
Will     .....                  (boots unavailable)
Stlth    ++........             (no amulet)
HPRegen  0.04/turn              (no ring)
MPRegen  0.08/turn              (no ring)

@: quick
A: very small, claws 1, fangs 3, see invisible, speed 1, shaggy fur 1, stealthy
paws, no weapons or thrown items, no armour, multi-lived
a: Renounce Religion, Berserk


You were on level 1 of the Dungeon.
You worshipped Trog.
Trog was aware of your devotion.
You visited 1 branch of the dungeon, and saw 1 of its levels.

You collected 17 gold pieces.

Inventory:

Scrolls
 c - a scroll of identify {unknown}
Potions
 a - 2 potions of curing {unknown}
 b - a potion of mutation {unknown}


   Skills:
 + Level 3.2 Fighting
 + Level 4.4 Dodging
 * Level 1.2 Stealth
 + Level 3.2 Unarmed Combat


You had one spell level left.
You didn't know any spells.
Your spell library was empty.

Dungeon Overview and Level Annotations

Branches:
Dungeon (1/15)

Altars:


Innate Abilities, Weirdness & Mutations

You have sharp claws.
You have razor-sharp teeth.
You have supernaturally acute eyesight. (SInv)
You cover ground quickly. (Speed+)
You are covered in fur. (AC +1)
Your paws help you pounce on unaware monsters.
You are incapable of wielding weapons or throwing items.
You cannot wear armour.
You gain extra lives every three experience levels.


Message History

You barely miss the goblin. The goblin closely misses you.
You closely miss the goblin. The goblin completely misses you.
You scratch the goblin but do no damage.
The goblin completely misses you.
You claw the goblin!
You kill the goblin!
Trog accepts your kill.
Found an escape hatch in the floor.
Things that are here:
a +0 club; a goblin corpse An endoplasm comes into view.
An endoplasm is nearby!
A ball python comes into view.
The ball python misses you. The ball python grabs you.
The ball python constricts you.
You closely miss the ball python. The ball python completely misses you.
The ball python constricts you.
You closely miss the ball python. You claw the ball python.
The ball python is severely wounded.
The ball python bites you. The ball python constricts you.
The ball python barely misses you. The ball python constricts you.
You scratch the ball python.
You kill the ball python!
Trog accepts your kill.
You see here a ball python corpse.
An endoplasm is nearby!
The endoplasm quivers.
The endoplasm freezes you.
You are frozen.
You scratch the endoplasm. You bite the endoplasm.
The endoplasm is heavily wounded.
The endoplasm freezes you.
You are frozen.
* * * LOW HITPOINT WARNING * * *
You barely miss the endoplasm.
You bite the endoplasm, but do no damage.
The endoplasm is heavily wounded.
The endoplasm freezes you.
You are frozen.
You die...

....###............##...
......##########.#......
........#### #.###....
.# #.....## #...#....
######.....######......
.#......>......)........
.........†#..........#..
..........#......######.
#.....@..#......# ##
#....J...#......#
##########......#
#......# ########


You could see an endoplasm.

Vanquished Creatures
  2 dart slugs (D:1)
  A giant cockroach (D:1)
  2 goblins (D:1)
  3 hobgoblins (D:1)
  2 ball pythons (D:1)
  A bat (D:1)
  3 frilled lizards (D:1)
  3 rats (D:1)
17 creatures vanquished.

Notes
Turn   | Place    | Note
-------+----------+-------------------------------------------
     0 | D:1      | TheCrusader the Felid Berserker began the quest for the
                  | Orb.
     0 | D:1      | Reached XP level 1. HP: 10/10 MP: 2/2
    51 | D:1      | Reached XP level 2. HP: 7/14 MP: 3/3
   345 | D:1      | Reached skill level 1 in Stealth
   692 | D:1      | Frozen to death by an endoplasm

Illustrated notes

Levels and vault maps discovered:
D:1:      minmay_arrival_nine_rooms, layout_rooms

Skill      XL: |  1  2 |
---------------+-------+-----
Stealth        | 1 |  1.2
Fighting       | |  3.2
Dodging        | |  4.4
Unarmed Combat | |  3.2

Action                   || total
-------------------------++-------
Melee: Unarmed           ||    41
       Bite              ||     4
       Punch             ||     1
 Stab: Sleeping          ||     1
Armor: Skin              ||     1
Dodge: Dodged            ||    30
